 Dungeon Crawl Stone Soup version 0.28.0-45-g0d030f2227 (webtiles) character file.

Game seed: 9367760146562361649

11494 protoss039 the Fighter (level 11, -6/99 HPs)
             Began as a Demonspawn Earth Elementalist on May 15, 2022.
             Was a Priest of Vehumet.
             Killed from afar by an ice dragon (48 damage)
             ... with a blast of cold
             ... on level 11 of the Dungeon.
             The game lasted 00:31:06 (13583 turns).

protoss039 the Fighter (DsEE)                      Turns: 13583, Time: 00:31:08

Health: -6/99      AC: 12    Str: 12    XL:     11   Next: 50%
Magic:  0/23       EV: 11    Int: 28    God:    Vehumet [***...]
Gold:   580        SH:  5    Dex: 13    Spells: 8/27 levels left

rFire   + . .      SeeInvis .   R - +7 dagger of Subterfuge {vorpal, rF+ Int+6}
rCold   . . .      Faith    .   M - +0 buckler
rNeg    . . .      Spirit   +   C - +1 robe of Gravitas {rElec Str+4}
rPois   .          Reflect  .   (no helmet)
rElec   +          Harm     .   (no cloak)
rCorr   .          Rampage  .   i - +1 pair of gloves
Will    .....                   Q - +0 pair of boots
Stlth   ++........              N - amulet of the acrobat
HPRegen 0.26/turn               k - +4 ring of protection
MPRegen 0.36/turn               G - +4 ring of slaying

@: mighty, studying Fighting
A: rugged brown scales 2, powered by pain 1, magic shield, magic regeneration,
demonic touch 1
a: Renounce Religion


You were on level 11 of the Dungeon.
You worshipped Vehumet.
Vehumet was most pleased with you.
You visited 2 branches of the dungeon, and saw 12 of its levels.
You also visited: Ossuary.

You collected 809 gold pieces.
You spent 229 gold pieces at shops.

Inventory:

Hand Weapons
 e - a +1 dagger of venom
 I - the +6 war axe "Imp's Bane" {drain, Str+5 Int-3}
   (You found it on level 6 of the Dungeon)

   A truly terrible weapon, it drains the life of any living foe it strikes.
   Str:       It affects your strength (+5).
   Int:       It affects your intelligence (-3).
 L - a +5 vorpal spear
 R - the +7 dagger of Subterfuge (weapon) {vorpal, rF+ Int+6}
   (You found it on level 11 of the Dungeon)

   It inflicts extra damage upon your enemies.
   Int:       It affects your intelligence (+6).
   rF:        It protects you from fire.
Missiles
 c - 190 stones
 g - 2 throwing nets
Armour
 i - a +1 pair of gloves (worn)
 C - the +1 robe of Gravitas (worn) {rElec Str+4}
   (You bought it in a shop on level 5 of the Dungeon)

   Str:       It affects your strength (+4).
   rElec:     It insulates you from electricity.
 M - a +0 buckler (worn)
 Q - a +0 pair of boots (worn)
 S - +0 swamp dragon scales
Jewellery
 k - a +4 ring of protection (left hand)
 y - an amulet of magic regeneration
 D - a ring of positive energy
 G - a +4 ring of slaying (right hand)
 H - a ring of protection from fire
 N - an amulet of the acrobat (around neck)
Wands
 l - a wand of mindburst (17)
 F - a wand of paralysis (11)
 J - a wand of polymorph (12)
 K - a wand of acid (11)
Scrolls
 a - 2 scrolls of enchant armour
 d - 4 scrolls of vulnerability
 h - 3 scrolls of fog
 n - 2 scrolls of immolation
 o - 3 scrolls of amnesia
 r - a scroll of identify
 s - 3 scrolls of noise {unknown}
 w - a scroll of acquirement {unknown}
 x - 3 scrolls of blinking {unknown}
 z - 6 scrolls of teleportation
 O - 2 scrolls of magic mapping {unknown}
Potions
 b - 2 potions of haste {unknown}
 f - a potion of ambrosia {unknown}
 j - 11 potions of curing
 m - a potion of cancellation {unknown}
 p - a potion of resistance {unknown}
 q - 2 potions of brilliance
 t - a potion of invisibility {unknown}
 u - 2 potions of might {unknown}
 v - a potion of magic {unknown}
 A - a potion of flight {unknown}
 B - 2 potions of heal wounds {unknown}
 E - a potion of lignification {unknown}
 P - a potion of berserk rage {unknown}


   Skills:
 + Level 11.7 Fighting
 + Level 4.8 Armour
 - Level 1.8 Dodging
 - Level 1.8 Stealth
 * Level 4.3 Shields
 * Level 8.6 Spellcasting
 + Level 7.3 Conjurations
 * Level 2.5 Transmutations
 + Level 7.4 Earth Magic


You had 8 spell levels left.
You knew the following spells:

 Your Spells              Type           Power      Damage    Failure   Level
a - Sandblast             Erth           100%       2d20      1%          1
b - Passwall              Tmut/Erth      33%        N/A       1%          2
c - Stone Arrow           Conj/Erth      100%       3d13      1%          3
d - Swiftness             Air            12%        N/A       19%         3
e - Scorch                Fire           24%        2d6       2%          2
g - Mephitic Cloud        Conj/Pois/Air  25%        N/A       1%          3
i - Iskenderun's Battles  Conj           52%        2d10      2%          5

Your spell library contained the following spells:

 Spells                   Type           Power      Damage    Failure   Level
 Shock                    Conj/Air       100%       1d9       1%          1
 Irradiate                Conj/Tmut      19%        3d20      6%          5
 Petrify                  Tmut/Erth      40%        N/A       8%          4
 Iron Shot                Conj/Erth      26%        9d6       12%         6
 Airstrike                Air            6%         N/A       16%         4
 Gell's Gravitas          Tloc           12%        N/A       19%         3
 Lesser Beckoning         Tloc           12%        N/A       19%         3
 Teleport Other           Tloc           12%        N/A       19%         3
 Blade Hands              Tmut           13%        N/A       50%         5
 Spellforged Servitor     Conj/Summ      16%        N/A       92%         7
 Dragon Form              Tmut           13%        N/A       100%        7


Dungeon Overview and Level Annotations

Branches:
Dungeon (11/15)            Temple (1/1) D:4            Lair (0/6) D:10
    Orc (0/2) D:11        Ossuary (visited)

Altars:
Ashenzari
Cheibriados
Dithmenos
Elyvilon
Fedhas
Gozag
Hepliaklqana
Kikubaaqudgha
Makhleb
Nemelex Xobeh
Okawaru
Qazlal
Ru
Sif Muna
Trog
Uskayaw
Vehumet
Wu Jian
Xom
Yredelemnul
Zin
The Shining One

Shops:
D:5 [   D:7 *

Portals:
Ice
Cave: D:11

Annotations:
D:7 1 transporter
D:11 exclusion: boulder beetle


Innate Abilities, Weirdness & Mutations

You are mostly covered in rugged brown scales. (AC +2, +5% HP)
You sometimes gain a little power by taking damage.
When hurt, damage is shared between your health and your magic reserves.
You regenerate magic rapidly.
Your touch may inflict minor irresistible damage on your foes.


Message History

Aiming: Sandblast (safe; 1% risk of failure)
Press: ? - help, Shift-Dir - straight line, f/p - ice dragon
Aim: an ice dragon (lightly wounded, 88% to hit)
The blast of sand hits the ice dragon!
The ice dragon is moderately wounded.
The ice dragon bites you but does no damage.
The ice dragon claws you but does no damage.
You block the ice dragon's attack.
Casting: Sandblast (safe; 1% risk of failure)
Confirm with . or Enter, or press ? or * to list all spells.
Aiming: Sandblast (safe; 1% risk of failure)
Press: ? - help, Shift-Dir - straight line, f/p - ice dragon
Aim: an ice dragon (moderately wounded, 88% to hit)
The blast of sand hits the ice dragon but does no damage.
The ice dragon is moderately wounded.
The ice dragon closely misses you.
The ice dragon claws you but does no damage.
The ice dragon tramples you!
You stumble backwards!
Unknown command.
Unknown command.
Casting: Sandblast (safe; 1% risk of failure)
Confirm with . or Enter, or press ? or * to list all spells.
Aiming: Sandblast (safe; 1% risk of failure)
Press: ? - help, Shift-Dir - straight line, f/p - ice dragon
Aim: an ice dragon (moderately wounded, 88% to hit)
The blast of sand hits the ice dragon but does no damage.
The ice dragon is moderately wounded.
You block the ice dragon's attack. The ice dragon claws you!
You block the ice dragon's attack.
Unknown command.
Casting: Sandblast (safe; 1% risk of failure)
Confirm with . or Enter, or press ? or * to list all spells.
Aiming: Sandblast (safe; 1% risk of failure)
Press: ? - help, Shift-Dir - straight line, f/p - ice dragon
Aim: an ice dragon (moderately wounded, 88% to hit)
The blast of sand hits the ice dragon but does no damage.
The ice dragon is moderately wounded.
The ice dragon breathes frost at you. The blast of cold hits you!!!
You die...

.. .. ##D kh #Y #†## ##k# ##
##D## ... ###@##### .....
#.......# ....... ###.....#
....... .........# .......
B...#.....## #.......
#########..........#..####.......
#...Z............................
#Z#######..........##....#.......
#...#### .........#####^........


You could see an ice dragon (catching breath) and a rime drake.

Vanquished Creatures
  A hydra (D:11)
  2 cyclopes
  Joseph (D:9)
  The ghost of Zappman123 the Conjurer, a novice DsCj (D:5)
  Maggie (D:9)
  A komodo dragon (D:10)
  A polar bear (D:11)
  A troll (D:10)
  A wraith (D:11)
  A shadow (D:10)
  A vampire (D:9)
  A human (D:11)
  9 yaks
  2 steam dragons
  4 vampire mosquitoes
  A warg (D:11)
  Menkaure (Ossuary)
  2 water moccasins (D:7)
  5 orc warriors
  An ice beast (D:3)
  A black bear (D:4)
  4 ogres
  2 necrophages
  3 centaurs
  A wolf (D:11)
  2 kobold brigands
  2 bullfrogs (D:7)
  A wyvern zombie (D:7)
  2 gnoll sergeants
  A scorpion (D:6)
  A water moccasin skeleton (D:2)
  14 killer bees
  2 howler monkeys
  11 wights
  10 centaur zombies
  A bullfrog zombie (D:5)
  2 human zombies (Ossuary)
  4 hounds
  11 orc priests
  A jelly (D:5)
  A bullfrog skeleton (D:4)
  An iguana (D:6)
  Natasha (thrice) (D:2)
  7 orc wizards
  An ogre zombie (Ossuary)
  6 mummies (Ossuary)
  2 howler monkey zombies
  13 gnolls
  2 howler monkey skeletons
  6 adders
  A shadow imp (D:7)
  A white imp (D:6)
  6 adder zombies (Ossuary)
  An adder skeleton (D:4)
  5 dart slugs
  2 worms
  20 orcs
  6 bats
  2 endoplasms
  3 giant cockroaches
  2 gnoll zombies (Ossuary)
  10 hobgoblins
  8 jackals
  18 kobolds
  6 quokkas
  8 ball pythons
  2 frilled lizards (D:2)
  4 goblins
  4 goblin zombies (Ossuary)
  3 hobgoblin zombies (Ossuary)
  4 kobold zombies (Ossuary)
  2 quokka zombies (Ossuary)
  4 rats
  2 rat zombies (Ossuary)
280 creatures vanquished.

Vanquished Creatures (collateral kills)
  2 killer bees (D:10)
2 creatures vanquished.

Vanquished Creatures (others)
  3 killer bees (D:10)
  20 plants (D:10)
23 creatures vanquished.

Grand Total: 305 creatures vanquished

Notes
Turn   | Place    | Note
-------+----------+-------------------------------------------
     0 | D:1      | protoss039 the Demonspawn Earth Elementalist began the
                  | quest for the Orb.
     0 | D:1      | Reached XP level 1. HP: 13/13 MP: 3/3
   109 | D:1      | Reached skill level 1 in Transmutations
   594 | D:1      | Gained mutation: You are partially covered in rugged brown
                  | scales. (AC +1, +3% HP) [demonic ancestry]
   594 | D:1      | Reached XP level 2. HP: 7/20 MP: 0/5
   847 | D:1      | Reached skill level 1 in Fighting
  1653 | D:1      | Found a faded altar of an unknown god.
  1703 | D:1      | Gained mutation: You regenerate magic rapidly. [demonic
                  | ancestry]
  1703 | D:1      | Reached XP level 3. HP: 20/26 MP: 6/6
  2261 | D:1      | Learned a level 2 spell: Passwall
  2265 | D:1      | Learned a level 3 spell: Stone Arrow
  2284 | D:2      | Reached skill level 2 in Fighting
  2284 | D:2      | Reached XP level 4. HP: 16/35 MP: 2/7
  2522 | D:2      | Reached skill level 1 in Conjurations
  2698 | D:2      | Reached XP level 5. HP: 41/41 MP: 7/9
  2792 | D:2      | Noticed Natasha
  2802 | D:2      | Killed Natasha
  2803 | D:2      | Reached skill level 3 in Fighting
  2825 | D:2      | Noticed Natasha
  2838 | D:2      | Killed Natasha
  2978 | D:2      | Noticed Natasha
  2983 | D:2      | Killed Natasha
  3318 | D:3      | Learned a level 3 spell: Swiftness
  3405 | D:3      | Noticed an ice beast
  3411 | D:3      | Killed an ice beast
  3412 | D:3      | Gained mutation: Your touch may inflict minor irresistible
                  | damage on your foes. [demonic ancestry]
  3412 | D:3      | Reached XP level 6. HP: 48/48 MP: 3/10
  3621 | D:3      | Found a hide-covered altar of Uskayaw.
  4376 | D:4      | Found a sand-covered staircase.
  4428 | Ossuary  | Entered an ossuary
  4557 | Ossuary  | Reached skill level 4 in Fighting
  4853 | Ossuary  | Gained mutation: You sometimes gain a little power by
                  | taking damage. [demonic ancestry]
  4853 | Ossuary  | Reached XP level 7. HP: 44/55 MP: 7/12
  4922 | Ossuary  | Noticed Menkaure
  4941 | Ossuary  | Killed Menkaure
  5319 | Ossuary  | Reached skill level 5 in Fighting
  5871 | D:4      | Found a staircase to the Ecumenical Temple.
  5877 | D:4      | Reached XP level 8. HP: 65/65 MP: 10/14
  5883 | Temple   | Entered the Ecumenical Temple
  6118 | Temple   | Became a worshipper of Vehumet
  6376 | D:4      | Found a basalt altar of Yredelemnul.
  6588 | D:4      | Reached skill level 6 in Fighting
  6760 | D:5      | Entered Level 5 of the Dungeon
  6766 | D:5      | Reached skill level 7 in Fighting
  6766 | D:5      | Reached skill level 5 in Earth Magic
  6817 | D:5      | Found a runed translucent door.
  6829 | D:5      | Found Tyitwej's Antique Armour Emporium.
  6837 | D:5      | Bought a fabulously ornate robe for 119 gold pieces
  6837 | D:5      | Identified the +1 robe of Gravitas {rElec Str+4} (You
                  | bought it in a shop on level 5 of the Dungeon)
  7017 | D:5      | Reached skill level 8 in Fighting
  7055 | D:5      | Reached skill level 5 in Spellcasting
  7209 | D:5      | Gained mutation: When hurt, damage is shared between your
                  | health and your magic reserves. [demonic ancestry]
  7209 | D:5      | Reached XP level 9. HP: 77/77 MP: 11/16
  7465 | D:5      | Noticed Zappman123's ghost (novice DsCj)
  7531 | D:5      | Killed Zappman123's ghost
  7532 | D:5      | Reached skill level 9 in Fighting
  7532 | D:5      | Reached skill level 5 in Conjurations
  7815 | D:6      | Reached skill level 1 in Armour
  7997 | D:6      | Identified the +6 war axe "Imp's Bane" {drain, Str+5 Int-3}
  8183 | D:6      | Found an opulent altar of Gozag.
  8478 | D:6      | Found a shimmering blue altar of Sif Muna.
  8489 | D:6      | Reached * piety under Vehumet
  8489 | D:6      | Offered knowledge of Freeze by Vehumet.
  8684 | D:7      | Found Gaxuolet's General Store.
  8696 | D:7      | Bought a potion of degeneration for 13 gold pieces
  8696 | D:7      | Bought a scroll of identify for 26 gold pieces
  8696 | D:7      | Bought a scroll of fear for 45 gold pieces
  8696 | D:7      | Bought a scroll of fog for 26 gold pieces
  8870 | D:7      | Reached skill level 10 in Fighting
  9192 | D:7      | Found a sparkling altar of Nemelex Xobeh.
  9192 | D:7      | Found a transporter.
  9193 | D:7      | Noticed a komodo dragon
  9558 | D:8      | Gained mutation: You are mostly covered in rugged brown
                  | scales. (AC +2, +5% HP) [demonic ancestry]
  9558 | D:8      | Reached XP level 10. HP: 80/89 MP: 18/20
  9974 | D:8      | Found a blossoming altar of Fedhas.
  9993 | D:8      | Noticed a cyclops
 10000 | D:8      | Killed a cyclops
 10813 | D:9      | Noticed Joseph
 10819 | D:9      | Killed Joseph
 11002 | D:9      | Reached skill level 1 in Shields
 11170 | D:9      | Found an ornate altar of the Wu Jian Council.
 11320 | D:9      | Reached ** piety under Vehumet
 11320 | D:9      | Offered knowledge of Searing Ray by Vehumet.
 11351 | D:9      | Reached skill level 11 in Fighting
 11579 | D:9      | Noticed Maggie
 11587 | D:9      | Killed Maggie
 11630 | D:9      | Found an iron altar of Okawaru.
 11792 | D:10     | Entered Level 10 of the Dungeon
 12085 | D:10     | Found a staircase to the Lair.
 12222 | D:10     | Reached XP level 11. HP: 82/97 MP: 12/23
 12491 | D:10     | Found a burning altar of Makhleb.
 12494 | D:10     | Offered knowledge of Scorch by Vehumet.
 12946 | D:10     | Found a shadowy altar of Dithmenos.
 13118 | D:10     | Learned a level 5 spell: Iskenderun's Battlesphere
 13121 | D:10     | Learned a level 2 spell: Scorch
 13230 | D:11     | Reached *** piety under Vehumet
 13284 | D:11     | Noticed a five-headed hydra
 13291 | D:11     | Killed a five-headed hydra
 13350 | D:11     | Noticed a boulder beetle
 13416 | D:11     | Found a staircase to the Orcish Mines.
 13460 | D:11     | Offered knowledge of Mephitic Cloud by Vehumet.
 13471 | D:11     | Learned a level 3 spell: Mephitic Cloud
 13524 | D:11     | Identified the +7 dagger of Subterfuge {vorpal, rF+ Int+6}
 13556 | D:11     | Found a frozen archway.
 13559 | D:11     | Noticed an ice dragon
 13583 | D:11     | Killed from afar by an ice dragon

Illustrated notes

Levels and vault maps discovered:
D:1:      dpeg_arrival_central, layout_basic, hellmonk_ecumenical_altar_lost_god
D:2:      layout_basic, uniq_natasha
D:3:      layout_loops_corners, mainiacjoe_overflow_24_doors, serial_aquarium,
          aquarium_bridge_long_joined [aquarium_subvault_balcony,
          aquarium_subvault_bridge, aquarium_subvault_bridge,
          aquarium_subvault_wall, aquarium_subvault_wall,
          aquarium_subvault_bridge], aquarium_window_1, aquarium_window_corner,
          aquarium_window_corridor_1, aquarium_view_2b, aquarium_view_2a,
          aquarium_balcony_3b, aquarium_pool_five, grunt_ministairs_12,
          serial_park_tiny_1
D:4:      layout_basic, kennysheep_ying_yang, minmay_temple_entry_junction_2,
          nicolae_ossuary_entry_ruins, minmay_misc_feat_square,
          minmay_misc_feat_five, minmay_misc_feat_encased, st_stairs_13,
          chequers_arboretum, minmay_manual_mess
D:5:      layout_cave_pools, serial_shops, shop, ebering_ghost_reflecting_pool,
          minmay_misc_feat_four_crosses
D:6:      layout_loops_ring, nicolae_overflow_hidden_temple, led_sif_book,
          dk_noncrumbling_2
D:7:      layout_loops_cross, grunt_nemelex_the_gamble, serial_shops,
          nicolae_shop_advertising_works [nicolae_subvault_shop_adworks],
          skrybe_limestone_x
D:8:      layout_basic, lemuel_doored_altar, zin_scriptorium,
          chequers_serial_rivers_large_a
D:9:      layout_cave_pools, mainiacjoe_overflow_chevrons,
          okawaru_altar_gauntlet_db, serial_rivers,
          chequers_serial_rivers_small_b, chequers_serial_rivers_marsh,
          chequers_serial_rivers_room_a, chequers_serial_rivers_small_a,
          chequers_serial_rivers_room_b, uniq_maggie, uniq_joseph
D:10:     cheibrodos_iron_armory, layout_basic, amcnicky_altar_gilded,
          marbit_many_paths, david_lair_shrubbed
D:11:     layout_rooms, erik_orc_4, portal_ice_cave_entry_animals_and_master,
          minmay_misc_feat_cross
Temple:   jpeg_temple_alley_garden

Skill      XL: |  1  2  3  4  5  6  7  8  9 10 11 |
---------------+----------------------------------+-----
Transmutations | 1 2 |  2.5
Fighting       | 1 2 3 4 5 8 10 11 | 11.7
Earth Magic    | 3 4 5 6 7 |  7.4
Conjurations   | 1 2 3 4 6 7 |  7.3
Spellcasting   | 3 4 5 6 8 |  8.6
Armour         | 3 4 |  4.8
Shields        | 3 4 |  4.3
Dodging        | |  1.8
Stealth        | |  1.8

Action                   |  1- 3 |  4- 6 |  7- 9 | 10-12 || total
-------------------------+-------+-------+-------+-------++-------
Melee: Unarmed           |    42 |       |       |       ||    42
       Dagger            |    56 |   129 |    52 |    14 ||   251
       Short sword       |     3 |       |       |       ||     3
       Punch             |     1 |     4 |       |       ||     5
       Touch             |       |    22 |    15 |       ||    37
       Spear             |       |       |       |    57 ||    57
       War axe           |       |       |       |     3 ||     3
 Cast: Sandblast         |    26 |    15 |    61 |    84 ||   186
       Stone Arrow       |       |    18 |   122 |   133 ||   273
       Iskenderun's Batt |       |       |       |     2 ||     2
       Scorch            |       |       |       |     2 ||     2
Evoke: Wand              |       |       |       |    11 ||    11
  Use: Scroll            |       |       |     7 |     2 ||     9
 Stab: Sleeping          |     4 |     4 |     1 |       ||     9
Armor: Robe              |    24 |    41 |    23 |    96 ||   184
Dodge: Dodged            |   100 |    96 |    63 |   134 ||   393
Block: Buckler           |       |       |       |    35 ||    35
